 Dungeon Crawl Stone Soup version 0.16.1-28-gcc2312f (webtiles) character file.

590588 Kidiri the Phalangite (level 25, 253/253 HPs)
             Began as a Minotaur Berserker on May 29, 2015.
             Was an Elder of Trog.
             Drowned
             ... on level 3 of the Crypt on May 31, 2015.
             The game lasted 19:20:11 (107630 turns).

Kidiri the Phalangite (Minotaur Berserker)        Turns: 107630, Time: 19:20:11

Health: 253/253    AC: 40    Str: 36    XL:     25   Next: 65%
Magic:  24/24      EV: 31    Int:  4    God:    Trog [****..]
Gold:   7102       SH:  0    Dex: 24    Spells: 0 memorised, 24 levels left

rFire  + . .     SeeInvis +     e - +1 battleaxe of Infinite Pain {holy, Contam rF+ rN++}
rCold  + . .     Rnd*Rage +     N - +1 storm dragon armour of Sloth {rElec Regen+ rCorr Str+2}
rNeg   + + .     SustAb   .     (no shield)
rPois  .         Gourm    .     (helmet restricted)
rElec  +         Spirit   .     q - +2 cloak {+Inv}
rCorr  +         Warding  .     r - +2 pair of fencer's gloves {EV+3 Dex+6 Slay+2}
rMut   .         Rnd*Tele +     b - +0 pair of boots "Ynuedyegg" {rElec Dex+4}
MR     +....                    O - amulet "Fipp" {Faith +Fly rC+ Str+4 Int-2}
Stlth  ..........               z - +3 ring of protection
                                p - +6 ring of protection

@: studying 2 skills, somewhat resistant to hostile enchantments, extremely
unstealthy
A: retaliatory headbutt, horns 2, icy blue scales 1, molten scales 1, thin
skeletal structure 1, see invisible, berserk 2, clever 1, low mp 1, teleportitis
1, weak 1, forlorn
a: Burn Spellbooks, Berserk, Trog's Hand, Brothers in Arms, Renounce Religion,
Evoke Invisibility, Evoke Flight
}: 4/15 runes: decaying, slimy, silver, gossamer


You were on level 3 of the Crypt.
You worshipped Trog.
Trog was greatly pleased with you.
You were not hungry.

You visited 11 branches of the dungeon, and saw 56 of its levels.
You also visited: Bailey and Ice Cave.

You collected 10235 gold pieces.
You spent 3133 gold pieces at shops.

Inventory:

Hand weapons
 e - the +1 battleaxe of Infinite Pain (weapon) {holy, Contam rF+ rN++}
   (Trog gifted it to you on level 5 of the Swamp)

   It has been blessed by the Shining One to cause great damage to the undead
   and demons.
   It protects you from fire.
   It greatly protects you from negative energy.
   It causes magical contamination when unequipped.
 o - the +11 arbalest "Sticve Wewent" {penet, +Blink rElec rN+ Str-2}
   (You found it on level 3 of the Vaults)

   Ammo fired by it will pass through the targets it hits, potentially hitting
   all targets in its path until it reaches maximum range.
   It affects your strength (-2).
   It insulates you from electricity.
   It protects you from negative energy.
   It lets you blink.
 t - the +9 spear "Shoth" {venom, MR+ Str+3}
   (You found it on level 3 of the Spider Nest)

   It poisons the flesh of those it strikes.
   It affects your strength (+3).
   It affects your resistance to hostile enchantments.
Missiles
 d - 473 bolts
Armour
 b - the +0 pair of boots "Ynuedyegg" (worn) {rElec Dex+4}
   (You found it on level 4 of the Vaults)

   It affects your dexterity (+4).
   It insulates you from electricity.
 m - a +2 buckler of reflection
 q - a +2 cloak of invisibility (worn)
 r - the +2 pair of fencer's gloves (worn) {EV+3 Dex+6 Slay+2}
   (You acquired it on level 4 of the Orcish Mines)

   It affects your evasion (+3).
   It affects your dexterity (+6).
   It affects your accuracy and damage with ranged weapons and melee attacks
   (+2).
 J - the -1 cloak "Gaxerph" {rPois rC- Str+5}
   (You acquired it on level 4 of the Orcish Mines)

   It affects your strength (+5).
   It makes you vulnerable to cold.
   It protects you from poison.
 M - the +3 shield "Prah" {Int+3 Dex+4 Slay+3}
   (You found it on level 5 of the Vaults)

   It affects your intelligence (+3).
   It affects your dexterity (+4).
   It affects your accuracy and damage with ranged weapons and melee attacks
   (+3).
 N - the +1 storm dragon armour of Sloth (worn) {rElec Regen+ rCorr Str+2}
   (You found it on level 3 of the Elven Halls)

   It affects your strength (+2).
   It insulates you from electricity.
   It increases your rate of regeneration.
   It protects you from acid and corrosion.
Jewellery
 f - the ring of Soink {rPois rF+ rN+ Str-5 SInv}
   (You found it on level 3 of the Crypt)

   [ring of positive energy]

   It affects your strength (-5).
   It protects you from fire.
   It protects you from poison.
   It protects you from negative energy.
   It enhances your eyesight.
 h - the ring of Ghoyty {+Fly rN+ Int+2}
   (You found it on level 3 of the Crypt)

   [ring of positive energy]

   It affects your intelligence (+2).
   It protects you from negative energy.
   It lets you fly.
 p - a +6 ring of protection (left hand)
 v - the amulet "Eguwil" {rCorr -Cast +Blink rC- Str+8 Int+5}
   (You found it on level 1 of the Vaults)

   [amulet of resist corrosion]

   It protects you from acid and corrosion.
   It affects your strength (+8).
   It affects your intelligence (+5).
   It makes you vulnerable to cold.
   It lets you blink.
   It prevents spellcasting.
 z - a +3 ring of protection (right hand)
 H - the ring "Kluif" {rPois rN+ AC+3 Str-4 Int+4 Slay+3}
   (You took it off a fire giant on level 4 of the Vaults)

   [ring of protection]

   It affects your AC (+3).
   It affects your strength (-4).
   It affects your intelligence (+4).
   It affects your accuracy and damage with ranged weapons and melee attacks
   (+3).
   It protects you from poison.
   It protects you from negative energy.
 O - the amulet "Fipp" (around neck) {Faith +Fly rC+ Str+4 Int-2}
   (You found it on level 1 of the Depths)

   [amulet of faith]

   It allows you to gain divine favour quickly.
   It affects your strength (+4).
   It affects your intelligence (-2).
   It protects you from cold.
   It lets you fly.
Magical devices
 i - a wand of hasting (6)
 n - a wand of disintegration (9)
 I - a wand of teleportation (7)
Scrolls
 a - 19 scrolls of remove curse
 c - a scroll of brand weapon
 y - 3 scrolls of magic mapping
 A - 6 scrolls of fear
 B - 3 scrolls of summoning
 C - 17 scrolls of teleportation
 F - 4 scrolls of blinking
 V - 6 scrolls of fog
 Y - a scroll of recharging
Potions
 s - 19 potions of curing
 w - 4 potions of heal wounds
 D - 7 potions of haste
 E - 6 potions of might
 R - 3 potions of invisibility
 X - 2 potions of agility
Books
 g - a manual of Polearms
 j - a manual of Axes
Comestibles
 l - 4 fruits
 L - 3 bread rations


   Skills:
 * Level 26.1 Fighting
 * Level 26.8 Polearms
   Level 5.0(7.0) Slings
 - Level 6.9(7.5) Throwing
 + Level 19.6 Armour
 + Level 18.5 Dodging
 + Level 21.4 Shields
 * Level 6.6 Evocations


You had 24 spell levels left.
You didn't know any spells.

Dungeon Overview and Level Annotations

Branches:
Dungeon (15/15)            Temple (1/1) D:7            Lair (8/8) D:9
  Swamp (5/5) Lair:4       Spider (5/5) Lair:4        Slime (6/6) Lair:7
    Orc (4/4) D:10            Elf (3/3) Orc:3        Vaults (5/5) D:13
  Crypt (3/3) Vaults:3       Tomb (0/3) Crypt:3      Depths (1/5) D:15

Altars:
Ashenzari
Cheibriados
Dithmenos
Elyvilon
Fedhas
Gozag
Kikubaaqudgha
Makhleb
Nemelex Xobeh
Okawaru
Qazlal
Ru
Sif Muna
Trog
Vehumet
Xom
Yredelemnul
Zin
The Shining One
Beogh
Jiyva

Shops:
D:4 !   D:5 (   D:9 :[   Orc:1 (   Orc:2 *   Orc:3 (   Orc:4 *![?   Elf:2 ::*?
Vaults:3 ?*}

Portals:
Hell: Depths:1
Abyss: Depths:1
Trove: D:15 (give 2 scrolls of acquirement)


Innate Abilities, Weirdness & Mutations

You reflexively headbutt those who attack you in melee.
You have a pair of horns on your head.
You are partially covered in icy blue scales (AC +1).
You are partially covered in molten scales (AC +1).
You have a somewhat thin skeletal structure (Dex +2, Stealth).
You have supernaturally acute eyesight.
You often lose your temper in combat.
Your mind is acute. (Int +2)
Your magical capacity is low (-10% MP).
Space occasionally distorts in your vicinity.
You are weak. (Str -2)
You have difficulty communicating with the divine.


Message History

You start resting.
A wraith comes into view.
You feel yourself speed up. The wraith completely misses you.
You slash the wraith!
The wraith convulses!!
You destroy the wraith!
Why would you want to do that?
You feel less exhausted.
HP restored.
Partly explored, can't reach some places.
Partly explored, can't reach some places.
Use which ability? (? or * to list)
Okay, then.
Use which ability? (? or * to list)
You feel very buoyant.
You fly up into the air.
You feel somewhat more hungry.
Careful!
You are starting to lose your buoyancy.
You float gracefully downwards.
You fall into the water!
You sink like a stone!
You drown...
You die...

..# #≈≈≈≈≈≈≈≈≈≈≈≈≈≈#####8.8## ..#
##≈≈≈≈≈≈≈≈≈≈≈≈≈≈≈≈#####'### ..#
##≈≈≈≈≈≈≈≈≈≈≈≈≈≈≈≈≈≈≈≈###<#.. ..#
#≈≈≈≈≈≈≈≈≈≈≈≈≈≈≈≈≈≈≈≈≈≈####.#
..###≈≈≈≈≈≈≈≈≈≈≈≈≈≈≈≈≈≈≈≈≈≈## #.#
..##≈≈≈≈≈≈≈≈≈≈≈≈≈≈≈≈≈≈≈≈≈≈≈≈###.#
..#≈≈≈≈≈≈≈≈≈≈≈≈≈≈≈≈≈≈≈≈≈≈≈≈≈≈##.#
..#≈≈≈≈≈≈≈≈≈≈≈≈≈≈≈≈≈≈≈≈≈≈≈≈≈≈##.#
###≈≈≈≈≈≈≈.....≈@≈≈≈≈≈≈≈≈≈≈≈≈##.#
.#≈≈≈≈≈≈.........≈≈≈≈≈≈≈≈≈≈≈≈≈#.#
'#≈≈≈≈≈...........≈≈≈≈≈≈≈≈≈≈≈≈#..
.#≈≈≈≈.............≈≈≈≈≈≈≈≈≈≈≈###
'#≈≈≈≈.............≈≈≈≈.......'..
.#≈≈≈...............≈≈........'..
'#≈≈≈...................≈≈≈≈≈≈#..
.#≈≈≈......))..........≈≈≈≈≈≈≈#..
'#≈≈≈.)...............≈≈≈≈≈≈≈≈#..


There were no monsters in sight!

Vanquished Creatures
  Mara (twice) (Swamp:4)
  3 ancient liches
  the Lernaean hydra (Swamp:5)
  Norris (Swamp:4)
  2 golden dragons (Vaults:5)
  Arachne (Spider:4)
  Nikola (Swamp:4)
  4 tentacled monstrosities
  4 liches
  An Ice Fiend (Crypt:2)
  3 titans
  A deep elf master archer (Elf:3)
  2 deep elf blademasters
  28 acid blobs
  An eldritch tentacle (Vaults:5)
  3 sphinxes (Vaults:5)
  An Executioner (Crypt:3)
  An ancient champion (Crypt:2)
  4 storm dragons
  8 tengu reavers
  11 azure jellies
  2 revenants
  5 fire giants
  Wiglaf (Swamp:4)
  7 frost giants
  5 ghost moths
  11 vault wardens
  Aizul (Spider:5)
  6 deep elf sorcerers
  2 curse skulls
  9 ironheart preservers
  10 emperor scorpions
  Gastronok (Orc:3)
  2 orc warlords
  Jorgrun (Swamp:4)
  6 war gargoyles
  5 ghouls
  14 stone giants
  9 very ugly things
  6 rakshasas
  7 deep elf annihilators
  7 deep elf demonologists
  2 dire elephants (Depths:1)
  4 vampire knights
  5 deep elf death magi
  Snorg (Spider:1)
  6 death oozes
  2 crystal guardians (Vaults:4)
  30 vault guards
  A spectral golden dragon (Crypt:1)
  2 deep elf high priests
  2 fire dragons (Depths:1)
  9 ettins
  8 jiangshi
  12 yaktaur captains
  3 eidola
  26 hydras
  9 great orbs of eyes
  11 ice dragons
  An anaconda (shapeshifter) (Vaults:5)
  A ghost crab (Swamp:2)
  14 ogre magi
  11 alligators
  The ghost of Hanyuu the Martial Artist, a powerful OpTm of Makhleb (D:11)
  A catoblepas (Lair:8)
  2 deep troll earth magi (Depths:1)
  16 centaur warriors
  6 vampire magi
  12 dancing weapons
  11 death yaks
  3 death knights (Crypt:2)
  3 deep troll shamans
  Urug (D:12)
  6 orc high priests (Orc:4)
  26 deep elf knights
  A soul eater (D:15)
  2 titan skeletons
  25 skeletal warriors
  A fire crab (shapeshifter) (Vaults:5)
  8 flayed ghosts
  2 iron trolls (Depths:1)
  4 fire crabs
  2 unseen horrors
  2 spriggan druids
  7 deep trolls
  6 giant orange brains
  7 shadow wraiths
  A wizard (Depths:1)
  12 swamp dragons
  19 ironbrand convokers
  14 deep elf summoners
  A shambling mangrove (Swamp:2)
  2 shadow dragon zombies
  13 harpies
  A lindwurm (shapeshifter) (Vaults:5)
  13 orc knights
  Pikel (D:5)
  4 necromancers
  8 hill giants
  42 ugly things
  A lindwurm (Lair:8)
  A frost giant zombie (Vaults:4)
  10 hornets
  13 orb spiders
  7 orc sorcerers
  A wolf spider zombie (Crypt:3)
  17 deep elf conjurers
  2 fire giant zombies
  A stone giant zombie (Crypt:3)
  8 griffons
  28 wolf spiders
  2 manticores
  11 elephants
  A spectral griffon (Crypt:1)
  6 cyclopes
  A moth of wrath (Spider:5)
  11 phantasmal warriors
  A sphinx skeleton (Vaults:4)
  A draconian (shapeshifter) (Vaults:3)
  9 shining eyes
  8 fire giant skeletons (Crypt:3)
  2 spriggan zombies (D:15)
  A frost giant skeleton (Crypt:3)
  A stone giant skeleton (Crypt:3)
  5 black mambas
  4 gargoyles (Crypt:3)
  3 torpor snails
  A cyclops (shapeshifter) (Vaults:1)
  20 spiny frogs
  4 centaur skeletons
  12 vault sentinels
  2 titan simulacra
  Psyche (Orc:4)
  2 human zombies (Vaults:4)
  A yaktaur zombie (Vaults:4)
  An efreet (D:13)
  5 eyes of devastation
  A dire elephant skeleton (Crypt:3)
  A spectral glowing shapeshifter (Crypt:1)
  2 small abominations
  2 fire drakes
  An anaconda simulacrum (Crypt:3)
  10 demonic crawlers
  An alligator snapping turtle skeleton (Crypt:1)
  4 large abominations (Crypt:3)
  A green draconian skeleton (Crypt:1)
  3 kobold demonologists (Vaults:1)
  13 deep elf priests
  A yaktaur (shapeshifter) (Vaults:2)
  21 jumping spiders
  A guardian mummy (D:15)
  3 silent spectres (Crypt:2)
  20 polar bears
  35 yaktaurs
  The ghost of dngmouse the Gusty, an experienced TeAE of Qazlal (D:5)
  9 komodo dragons
  2 polar bears (shapeshifter)
  A hydra zombie (Crypt:3)
  13 freezing wraiths
  13 ravens
  Sonja (D:14)
  26 two-headed ogres
  A giant leech (shapeshifter) (Vaults:5)
  2 raiju (shapeshifter)
  2 ettin zombies
  23 blink frogs
  14 giant leeches
  7 trolls
  A trapdoor spider zombie (D:10)
  192 slime creatures
  A blink frog (shapeshifter) (D:13)
  19 bog bodies
  A shock serpent simulacrum (Crypt:1)
  A deep troll zombie (D:15)
  A fire dragon zombie (Crypt:3)
  A slime creature (shapeshifter) (Vaults:5)
  7 boulder beetles
  6 baby alligators
  A flying skull (Crypt:1)
  2 redbacks (shapeshifter)
  28 trapdoor spiders
  7 fire dragon skeletons (Crypt:3)
  48 redbacks
  11 spriggans
  15 wraiths
  A yak (shapeshifter) (Vaults:4)
  26 deep elf magi
  A basilisk (Lair:6)
  24 tarantellas
  2 hungry ghosts
  3 shadows (Crypt:3)
  A wyvern (shapeshifter) (Depths:1)
  4 vampires
  83 yaks
  34 deep elf fighters
  9 golden eyes
  42 wolves
  The ghost of Uberwunderbarhen the Cudgeler, an average DsGl of Okawaru (D:4)
  14 hippogriffs
  3 wyverns
  40 swamp worms
  2 mottled dragons (Vaults:2)
  A chaos spawn (Vaults:5)
  44 vampire mosquitoes
  Edmund (D:6)
  3 insubstantial wisps (Swamp:2)
  An elf skeleton (Vaults:4)
  A spiny frog zombie (Crypt:1)
  5 wargs
  A soldier ant (D:12)
  5 sky beasts
  17 water moccasins
  12 porcupines
  14 swamp drakes
  3 slaves (D:5)
  14 ice beasts
  6 necrophages
  20 spiders
  12 wasps
  An anubis guard zombie (Crypt:2)
  5 phantoms
  A blink frog zombie (Crypt:2)
  An elephant zombie (Crypt:2)
  12 eyes of draining
  65 orc warriors
  A black bear (Lair:8)
  55 ogres
  6 boggarts
  3 boring beetles
  26 centaurs
  A blink frog skeleton (Crypt:2)
  16 crocodiles
  Sigmund (D:2)
  Blork the orc (D:6)
  39 giant frogs
  A dryad skeleton (Crypt:2)
  3 big kobolds
  A spider zombie (Crypt:1)
  A wyvern zombie (D:13)
  A glowing shapeshifter simulacrum (Vaults:5)
  12 scorpions
  A deep troll simulacrum (Vaults:4)
  3 human simulacra
  A wyvern skeleton (D:12)
  41 wights
  4 electric eels
  A yaktaur simulacrum (Vaults:1)
  11 killer bees
  6 crimson imps
  2 giant frog zombies (D:13)
  3 giant frog skeletons
  6 centaur zombies
  3 goliath beetles
  A quasit (D:11)
  A two-headed ogre zombie (Crypt:2)
  An iron imp (Depths:1)
  42 jellies
  33 orc priests
  11 hounds
  A gnoll shaman (D:6)
  17 iguanas
  A demonspawn skeleton (Crypt:1)
  A human skeleton (Crypt:3)
  31 orc wizards
  18 worker ants
  3 killer bee zombies
  6 hell rats
  11 sheep
  A hound zombie (Crypt:1)
  A demigod skeleton (Crypt:2)
  A hound skeleton (D:6)
  A mummy (D:13)
  A worker ant zombie (D:10)
  32 adders
  25 gnolls
  A scorpion zombie (Crypt:1)
  65 river rats
  A worm zombie (Crypt:1)
  8 worms
  2 ufetubi (Orc:4)
  2 adder zombies
  An orc zombie (Orc:4)
  2 adder skeletons
  3 giant geckos
  An ooze (D:6)
  293 orcs
  A bat zombie (D:6)
  51 goblins
  38 hobgoblins
  9 jackals
  20 quokkas
  5 ball pythons
  23 bats
  7 giant cockroaches
  2 giant gecko skeletons
  5 giant newts
  A giant spore (D:9)
  36 kobolds
  A kobold skeleton (Crypt:3)
  2 quokka skeletons
  31 rats
  A ballistomycete (D:10)
  3 fungi
  3 plants
3071 creatures vanquished.

Vanquished Creatures (collateral kills)
  the royal jelly (Slime:6)
  A bone dragon (Vaults:3)
  3 deep elf blademasters (Elf:3)
  A deep elf master archer (Elf:3)
  An acid blob (Slime:6)
  Rupert (Elf:2)
  An azure jelly (Slime:6)
  4 deep elf sorcerers (Elf:3)
  An emperor scorpion (Depths:1)
  A deep elf demonologist (Elf:3)
  2 deep elf annihilators (Elf:3)
  2 deep elf death magi (Elf:3)
  2 vault guards (Vaults:5)
  An ettin (Depths:1)
  2 deep elf high priests (Elf:3)
  2 hydras
  An ice dragon (Lair:3)
  A dancing weapon (Elf:2)
  5 death yaks
  A deep troll shaman (Depths:1)
  A sun demon (Elf:3)
  Nergalle (Lair:4)
  An iron troll (Depths:1)
  A deep elf knight (Elf:3)
  2 deep trolls (Depths:1)
  A swamp dragon (Swamp:5)
  A deep elf summoner (Elf:3)
  A hill giant (Depths:1)
  A griffon (Lair:7)
  A phantasmal warrior (Vaults:5)
  An oklob plant (Lair:4)
  8 elephants
  A cyclops (Orc:3)
  A spiny frog (Lair:7)
  A torpor snail (Lair:7)
  A komodo dragon (Lair:4)
  A blue devil (Orc:4)
  A yaktaur (Depths:1)
  A demonic crawler (Elf:3)
  A deep elf priest (Elf:3)
  A red devil (Elf:3)
  A giant leech (Swamp:4)
  A troll (Orc:4)
  A blink frog (Lair:7)
  2 bog bodies
  2 yaks
  3 deep elf magi (Elf:3)
  A deep elf fighter (Elf:3)
  A swamp worm (Swamp:4)
  A vampire mosquito (Vaults:3)
  An orc warrior (D:9)
  An ogre (Orc:4)
  A swamp drake (Swamp:5)
  3 crocodiles (Lair:7)
  3 spectral orcs (Lair:4)
  13 orcs
  A bat (D:9)
  3 rats (D:9)
  A bush (Lair:4)
103 creatures vanquished.

Vanquished Creatures (others)
  A storm dragon (Vaults:5)
  A frost giant (Vaults:1)
  2 stone giants
  An ironheart preserver (Vaults:2)
  3 vault guards (Vaults:5)
  2 yaktaur captains
  An alligator (Swamp:4)
  A centaur warrior (D:15)
  A deep elf knight (Elf:1)
  2 deep trolls
  3 hill giants
  A wolf spider (Spider:1)
  A spiny frog (shapeshifter) (Vaults:2)
  3 yaktaurs
  A deep elf priest (Elf:2)
  3 trolls
  A jumping spider (Spider:4)
  5 two-headed ogres
  2 bog bodies
  A wolf (IceCv)
  An orc warrior (Vaults:5)
  5 ogres
  13 centaurs
  A slave (D:5)
  13 lost souls
  2 orc wizards (Orc:4)
  A river rat (Lair:4)
  A giant spore (D:10)
  A goblin (D:5)
  A rat (D:5)
  46 eldritch tentacle segments (Vaults:5)
  6 fungi
  6 plants
133 creatures vanquished.

Grand Total: 3307 creatures vanquished

Notes
Turn   | Place    | Note
--------------------------------------------------------------
     0 | D:1      | Kidiri, the Minotaur Berserker, began the quest for the Orb.
     0 | D:1      | Reached XP level 1. HP: 19/19 MP: 1/1
    79 | D:1      | Reached XP level 2. HP: 10/27 MP: 1/1
    87 | D:1      | Reached skill level 4 in Fighting
   628 | D:1      | Acquired Trog's second power
   735 | D:2      | Reached XP level 3. HP: 33/33 MP: 2/2
  1092 | D:2      | Found an ancient bone altar of Kikubaaqudgha.
  1092 | D:2      | Noticed Sigmund
  1107 | D:2      | Killed Sigmund
  1107 | D:2      | Reached skill level 1 in Shields
  1107 | D:2      | Reached XP level 4. HP: 41/41 MP: 2/2
  1119 | D:2      | Found a blossoming altar of Fedhas.
  1232 | D:3      | Reached XP level 5. HP: 35/47 MP: 2/2
  1882 | D:3      | Reached skill level 5 in Fighting
  1882 | D:3      | Reached skill level 5 in Polearms
  2145 | D:4      | Received a gift from Trog
  2155 | D:4      | Noticed Uberwunderbarhen's ghost (average DsGl)
  2174 | D:4      | Killed Uberwunderbarhen's ghost
  2174 | D:4      | Reached XP level 6. HP: 57/57 MP: 3/3
  2291 | D:4      | Found Pham's Distillery.
  2297 | D:4      | Bought a potion of heal wounds for 50 gold pieces
  2297 | D:4      | Bought a potion of might for 40 gold pieces
  2409 | D:4      | Reached skill level 6 in Fighting
  2436 | D:4      | Reached XP level 7. HP: 53/63 MP: 3/3
  2563 | D:4      | Found a shadowy altar of Dithmenos.
  2569 | D:4      | Found a sparkling altar of Nemelex Xobeh.
  2767 | D:5      | Entered Level 5 of the Dungeon
  2825 | D:5      | Noticed dngmouse's ghost (experienced TeAE)
  2842 | D:5      | Killed dngmouse's ghost
  2925 | D:5      | Noticed Pikel
  2937 | D:5      | Reached skill level 7 in Fighting
  2972 | D:5      | Killed Pikel
  2972 | D:5      | Reached skill level 5 in Armour
  2972 | D:5      | Reached skill level 5 in Dodging
  2972 | D:5      | Reached XP level 8. HP: 50/74 MP: 3/3
  2976 | D:5      | Acquired Trog's third power
  3073 | D:5      | Found a snail-covered altar of Cheibriados.
  3190 | D:5      | Found Ykaal's Antique Weapon Emporium.
  3347 | D:5      | Reached skill level 8 in Fighting
  3628 | D:6      | Noticed Blork the orc
  3645 | D:6      | Killed Blork the orc
  3968 | D:6      | Reached XP level 9. HP: 82/82 MP: 4/4
  4268 | D:6      | Reached skill level 5 in Shields
  4311 | D:6      | Found a bloodstained altar of Trog.
  4401 | D:6      | Noticed Edmund
  4413 | D:6      | Killed Edmund
  4854 | D:7      | Reached skill level 9 in Fighting
  5125 | D:7      | Found a staircase to the Ecumenical Temple.
  5474 | D:7      | Received a gift from Trog
  7107 | Temple   | Entered the Ecumenical Temple
  7425 | D:8      | Reached XP level 10. HP: 83/93 MP: 4/4
  7439 | D:8      | Found a sacrificial altar of Ru.
  7482 | D:8      | Reached skill level 10 in Fighting
  7572 | D:8      | Reached skill level 10 in Polearms
  7949 | D:8      | Gained mutation: You have large cloven feet. [potion of beneficial mutation]
  8306 | D:9      | Found Crelib's Specialty Armours.
  8399 | D:9      | Noticed a white ugly thing
  8424 | D:9      | Killed a white ugly thing
  8680 | D:9      | Found Teho's Book Shoppe.
  8712 | D:9      | Reached skill level 11 in Polearms
  8756 | D:9      | Received a gift from Trog
  8846 | D:9      | Gained mutation: You possess an exceptional clarity of mind. [mutagenic meat]
  8847 | D:9      | Gained mutation: You are partially covered in rough black scales (AC +4, Dex -1). [mutagenic meat]
  9217 | D:9      | Found a staircase to the Lair.
  9336 | Lair:1   | Entered Level 1 of the Lair of Beasts
  9400 | Lair:1   | Reached XP level 11. HP: 77/102 MP: 4/4
  9906 | Lair:1   | Noticed a seven-headed hydra
  9920 | Lair:1   | Killed a seven-headed hydra
 10881 | Lair:2   | Reached skill level 12 in Polearms
 10890 | Lair:2   | Received a gift from Trog
 11588 | Lair:3   | Noticed an ice dragon
 11601 | Lair:3   | Killed an ice dragon
 11601 | Lair:3   | Reached skill level 1 in Throwing
 11864 | Lair:3   | Reached skill level 1 in Slings
 12136 | Lair:3   | Reached XP level 12. HP: 55/113 MP: 5/5
 12174 | Lair:3   | Noticed a four-headed hydra
 12192 | Lair:3   | Killed a four-headed hydra
 12192 | Lair:3   | Received a gift from Trog
 12299 | Lair:3   | Reached skill level 13 in Polearms
 12926 | Lair:4   | Found a bloodstained altar of Trog.
 13144 | Lair:4   | Found a frozen archway.
 13217 | IceCv    | Entered an ice cave
 13635 | IceCv    | Received a gift from Trog
 14117 | IceCv    | Noticed a frost giant
 14220 | IceCv    | Reached XP level 13. HP: 84/123 MP: 5/5
 14245 | IceCv    | Killed a frost giant
 14250 | IceCv    | Reached skill level 10 in Armour
 14282 | IceCv    | Got a fine hand crossbow
 14283 | IceCv    | Identified the cursed +2 hand crossbow of Ashenzari's Reproof {venom, Int+3} (You found it in an ice cave)
 15374 | Lair:4   | Found a staircase to the Swamp.
 15471 | Lair:4   | Reached skill level 14 in Polearms
 15677 | Lair:4   | Reached skill level 10 in Shields
 15815 | Lair:4   | Noticed Nergalle
 15871 | Lair:4   | Killed Nergalle
 15871 | Lair:4   | Received a gift from Trog
 16138 | Lair:4   | Found a hole to the Spider Nest.
 16914 | Lair:5   | Reached skill level 5 in Slings
 17520 | Lair:5   | Reached skill level 5 in Throwing
 17707 | Lair:6   | Reached skill level 10 in Dodging
 17974 | Lair:6   | Got a pitted chain mail
 17985 | Lair:6   | Identified the +3 chain mail of Theoss {rC+ MR+ Regen+ Int-5} (You found it on level 6 of the Lair of Beasts)
 17985 | Lair:6   | Lost intelligence.
 18394 | Lair:6   | Identified a +0 rod of clouds (11/11) (You found it on level 5 of the Lair of Beasts)
 18765 | Lair:7   | Found a viscous altar of Jiyva.
 18766 | Lair:7   | Found a staircase to the Slime Pits.
 18878 | Lair:7   | Reached XP level 14. HP: 111/133 MP: 5/5
 18892 | Lair:7   | Received a gift from Trog
 19220 | Lair:7   | Reached skill level 15 in Fighting
 19339 | Lair:7   | Reached skill level 15 in Polearms
 20086 | Lair:7   | Got a shimmering bardiche
 20092 | Lair:7   | Identified the +8 bardiche of Trauma {flame, rN+ MP+9 Stlth-} (You found it on level 7 of the Lair of Beasts)
 20371 | Lair:7   | Received a gift from Trog
 20727 | Lair:8   | Entered Level 8 of the Lair of Beasts
 20861 | Lair:8   | Got a distressingly furry leather armour
 20875 | Lair:8   | Identified the +3 leather armour of the Princeling {MR+ MP+9 Str+2 Dex-5} (You found it on level 8 of the Lair of Beasts)
 21360 | Lair:8   | Got an encrusted leather armour
 21371 | Lair:8   | Identified the +0 leather armour of the Swamp {rElec Str+4} (You found it on level 8 of the Lair of Beasts)
 22018 | Lair:8   | Received a gift from Trog
 22089 | Lair:8   | Reached skill level 16 in Fighting
 22273 | Lair:8   | Received a gift from Trog
 22514 | Lair:8   | Got a glittering ruby amulet
 22515 | Lair:8   | Identified the amulet "Ryemepel" {Ward rN+ Str+4 Slay-4 SInv} (You found it on level 8 of the Lair of Beasts)
 22844 | D:10     | Entered Level 10 of the Dungeon
 23125 | D:10     | Reached XP level 15. HP: 144/144 MP: 6/6
 23584 | D:10     | Found a staircase to the Orcish Mines.
 23641 | Orc:1    | Entered Level 1 of the Orcish Mines
 23709 | Orc:1    | Received a gift from Trog
 23790 | Orc:1    | Found Qavotzim's Weapon Shop.
 23951 | Orc:1    | Received a gift from Trog
 24172 | Orc:2    | Found Qepupp's Assorted Antiques.
 24226 | Orc:2    | Bought a blackened cabochon ring for 135 gold pieces
 24226 | Orc:2    | Bought a scroll labeled PIKKUHUZAR for 27 gold pieces
 24547 | Orc:2    | Found a roughly hewn altar of Beogh.
 24913 | Orc:3    | Noticed Gastronok
 24921 | Orc:3    | Found a roughly hewn altar of Beogh.
 24942 | Orc:3    | Killed Gastronok
 24985 | Orc:3    | Found Qyxzye's Antique Weapon Shop.
 25038 | Orc:3    | Found a staircase to the Elven Halls.
 25375 | Orc:4    | Entered Level 4 of the Orcish Mines
 25439 | Orc:4    | Received a gift from Trog
 25918 | Orc:4    | Received a gift from Trog
 26033 | Orc:4    | Found a roughly hewn altar of Beogh.
 26287 | Orc:4    | Found Giascheir's Distillery.
 26310 | Orc:4    | Bought a potion of heal wounds for 60 gold pieces
 26310 | Orc:4    | Bought a potion of curing for 36 gold pieces
 26310 | Orc:4    | Bought a potion of mutation for 30 gold pieces
 26310 | Orc:4    | Bought a potion of curing for 36 gold pieces
 26310 | Orc:4    | Bought a potion of curing for 36 gold pieces
 26310 | Orc:4    | Bought a potion of curing for 36 gold pieces
 26316 | Orc:4    | Lost mutation: You possess an exceptional clarity of mind. [potion of mutation]
 26316 | Orc:4    | Gained mutation: Your magical capacity is low (-10% MP). [potion of mutation]
 26316 | Orc:4    | Gained mutation: You are robust (+10% HP). [potion of mutation]
 26361 | Orc:4    | Found Jekewungevo's General Store.
 26390 | Orc:4    | Bought a scroll of identify for 26 gold pieces
 26390 | Orc:4    | Bought a scroll of identify for 26 gold pieces
 26390 | Orc:4    | Bought a scroll of acquirement for 676 gold pieces
 26390 | Orc:4    | Bought a potion of curing for 39 gold pieces
 26394 | Orc:4    | Got a smoking cloak
 26400 | Orc:4    | Identified the -1 cloak "Gaxerph" {rPois rC- Str+5} (You acquired it on level 4 of the Orcish Mines)
 26651 | Orc:4    | Received a gift from Trog
 26780 | Orc:4    | Received a gift from Trog
 27220 | Orc:4    | Noticed Psyche
 27229 | Orc:4    | Killed Psyche
 27325 | Orc:4    | Received a gift from Trog
 27336 | Orc:4    | Found a roughly hewn altar of Beogh.
 27380 | Orc:4    | Found Egawk's Antique Armour Emporium.
 27468 | Orc:4    | Found Treexe's Magic Scroll Shoppe.
 27496 | Orc:4    | Received a gift from Trog
 27531 | Orc:4    | Bought 2 scrolls of identify for 60 gold pieces
 27531 | Orc:4    | Bought a scroll of enchant weapon for 112 gold pieces
 27531 | Orc:4    | Bought a scroll of identify for 30 gold pieces
 27531 | Orc:4    | Bought a scroll of identify for 30 gold pieces
 27531 | Orc:4    | Bought a scroll of identify for 30 gold pieces
 27531 | Orc:4    | Bought 2 scrolls of identify for 60 gold pieces
 27848 | Elf:1    | Entered Level 1 of the Elven Halls
 27956 | Elf:1    | Reached skill level 17 in Polearms
 28306 | Elf:1    | Gained mutation: You are partially covered in large bone plates (AC +2, SH +2). [potion of mutation]
 28326 | Elf:1    | Received a gift from Trog
 29175 | Elf:2    | Found Wysas' Book Boutique.
 29199 | Elf:2    | Found Criokh's Book Shoppe.
 29549 | Elf:2    | Reached XP level 16. HP: 158/170 MP: 5/5
 29601 | Elf:2    | Found Apheym's General Store.
 29610 | Elf:2    | Bought a beef jerky for 22 gold pieces
 29610 | Elf:2    | Bought a potion of curing for 45 gold pieces
 29610 | Elf:2    | Bought a scroll of acquirement for 780 gold pieces
 29619 | Elf:2    | Identified a +0 pair of boots of running (You acquired it on level 2 of the Elven Halls)
 29987 | Elf:2    | Found Mimpehoj's Magic Scroll Boutique.
 29993 | Elf:2    | Bought a scroll of identify for 34 gold pieces
 29993 | Elf:2    | Bought a scroll of identify for 34 gold pieces
 30044 | Elf:2    | Found a huge runed gate.
 30045 | Elf:2    | Found a huge runed gate.
 30045 | Elf:2    | Found a huge runed gate.
 30046 | Elf:2    | Found a huge runed gate.
 30047 | Elf:2    | Found a huge runed gate.
 30192 | Elf:2    | Received a gift from Trog
 30343 | Elf:2    | Paralysed by a Zot trap for 5 turns
 30565 | Elf:2    | Noticed a deep elf blademaster
 30578 | Elf:2    | Killed a deep elf blademaster
 30637 | Elf:2    | Noticed Rupert
 30662 | Elf:2    | Killed Rupert
 31074 | Elf:3    | Entered Level 3 of the Elven Halls
 31125 | Elf:2    | Reached skill level 18 in Polearms
 31228 | Elf:3    | Received a gift from Trog
 31621 | Elf:3    | Noticed a deep elf blademaster
 31631 | Elf:3    | Noticed a deep elf blademaster
 31637 | Elf:3    | Noticed a deep elf master archer
 31642 | Elf:3    | Killed a deep elf blademaster
 31649 | Elf:3    | Killed a ghostly deep elf blademaster
 31802 | Elf:3    | Killed a deep elf blademaster
 31807 | Elf:3    | Killed a deep elf master archer
 31810 | Elf:3    | Received a gift from Trog
 32197 | Elf:3    | Noticed a deep elf blademaster
 32210 | Elf:3    | Killed a deep elf blademaster
 32696 | Elf:3    | Noticed a deep elf master archer
 32703 | Elf:3    | Killed a deep elf master archer
 32721 | Elf:3    | Noticed a deep elf blademaster
 32734 | Elf:3    | Killed a deep elf blademaster
 32992 | Elf:3    | Reached XP level 17. HP: 182/182 MP: 5/5
 33325 | Elf:3    | Got a twitching marble ring
 33326 | Elf:3    | Identified the ring "Ariunoixt" {rF+ rN+ Str-3 Int+3} (You found it on level 3 of the Elven Halls)
 33336 | Elf:3    | Got a pair of ancient gloves
 33347 | Elf:3    | Identified the +1 pair of gloves of the Trilobite {rPois Int+5} (You found it on level 3 of the Elven Halls)
 33401 | Elf:3    | Got a pair of distressingly furry boots
 33402 | Elf:3    | Received a gift from Trog
 33432 | Elf:3    | Got a polished storm dragon armour
 33443 | Elf:3    | Identified the +1 storm dragon armour of Sloth {rElec Regen+ rCorr Str+2} (You found it on level 3 of the Elven Halls)
 33466 | Elf:3    | Identified the cursed -3 pair of boots of Honour {rN++ MR+} (You found it on level 3 of the Elven Halls)
 33508 | Elf:3    | Got a sparkling platinum ring
 33509 | Elf:3    | Identified the ring "Dossotif" {rF+ Int+4} (You found it on level 3 of the Elven Halls)
 33515 | Elf:3    | Got a warped iron ring
 33516 | Elf:3    | Identified the ring "Neurir" {+/*Tele Str-5 Slay+6} (You found it on level 3 of the Elven Halls)
 33545 | Elf:3    | Got a steaming chain mail
 33556 | Elf:3    | Identified the +7 chain mail "Hekedaits" {-Cast Contam rC+ Dex+7 SInv} (You found it on level 3 of the Elven Halls)
 33592 | Elf:3    | Lost mutation: You are robust (+10% HP). [mutagenic glow]
 34756 | Spider:1 | Entered Level 1 of the Spider Nest
 34761 | Spider:1 | Received a gift from Trog
 35018 | Spider:1 | Noticed Snorg
 35030 | Spider:1 | Killed Snorg
 35707 | Spider:2 | Reached skill level 19 in Polearms
 36377 | Spider:2 | Received a gift from Trog
 36828 | Spider:3 | Got a fine spear
 36829 | Spider:3 | Identified the +9 spear "Shoth" {venom, MR+ Str+3} (You found it on level 3 of the Spider Nest)
 37188 | Spider:3 | Gained mutation: You are mostly covered in large bone plates (AC +3, SH +3). [potion of mutation]
 37188 | Spider:3 | Gained mutation: Your flesh is heat resistant. [potion of mutation]
 37644 | Spider:4 | Received a gift from Trog
 37827 | Spider:4 | Received a gift from Trog
 37877 | Spider:4 | Gained mutation: Scrolls take you a little longer to read. [mutagenic meat]
 37878 | Spider:4 | Gained mutation: Potions and wands are less effective at restoring your health. [mutagenic meat]
 37879 | Spider:4 | Gained mutation: You tend to lose your temper in combat. [mutagenic meat]
 37961 | Spider:4 | Lost mutation: You have large cloven feet. [mutagenic meat]
 38160 | Spider:4 | Noticed Arachne
 38187 | Spider:4 | Killed Arachne
 38187 | Spider:4 | Reached skill level 15 in Shields
 38394 | Spider:5 | Entered Level 5 of the Spider Nest
 38873 | Spider:5 | Reached XP level 18. HP: 141/176 MP: 6/6
 39127 | Spider:5 | Received a gift from Trog
 39245 | Spider:5 | Got a gossamer rune of Zot
 39413 | Spider:5 | Noticed Aizul
 39441 | Spider:5 | Killed Aizul
 39446 | Spider:5 | Gained mutation: You can spit poison. [mutagenic meat]
 40150 | Swamp:1  | Entered Level 1 of the Swamp
 40318 | Swamp:1  | Reached skill level 20 in Polearms
 40858 | Swamp:1  | Received a gift from Trog
 41131 | Swamp:2  | Got a crystal falchion
 41132 | Swamp:2  | Identified the +6 falchion of Qielini {antimagic, Noisy Str+9} (You found it on level 2 of the Swamp)
 41156 | Swamp:2  | Got a smoking rapier
 41157 | Swamp:2  | Identified the +6 rapier of Thruetase {flame, Int+2 Dex+4} (You found it on level 2 of the Swamp)
 42165 | Swamp:3  | Received a gift from Trog
 42653 | Swamp:4  | Noticed Jorgrun
 42700 | Swamp:4  | Killed Jorgrun
 42725 | Swamp:4  | Noticed Nikola
 42756 | Swamp:4  | Killed Nikola
 42761 | Swamp:4  | Reached skill level 15 in Armour
 43026 | Swamp:4  | Received a gift from Trog
 43037 | Swamp:4  | Noticed Norris
 43070 | Swamp:4  | Killed Norris
 43194 | Swamp:4  | Noticed Mara
 43275 | Swamp:4  | Noticed Kidiri's illusion
 43318 | Swamp:4  | Killed Mara
 43327 | Swamp:4  | Killed Mara
 43660 | Swamp:4  | Noticed Wiglaf
 43683 | Swamp:4  | Killed Wiglaf
 43754 | Swamp:5  | Entered Level 5 of the Swamp
 43910 | Swamp:5  | Reached XP level 19. HP: 169/187 MP: 5/6
 43932 | Swamp:5  | Received a gift from Trog
 43939 | Swamp:5  | Got an iridescent battleaxe {god gift}
 43945 | Swamp:5  | Identified the +1 battleaxe of Infinite Pain {holy, Contam rF+ rN++} (Trog gifted it to you on level 5 of the Swamp)
 43965 | Swamp:5  | Noticed the 27-headed Lernaean hydra
 43972 | Swamp:5  | Killed the 27-headed Lernaean hydra
 43980 | Swamp:5  | Got a decaying rune of Zot
 43989 | Swamp:5  | Lost mutation: Scrolls take you a little longer to read. [mutagenic glow]
 44203 | Swamp:5  | Reached skill level 1 in Evocations
 44203 | Swamp:5  | Reached XP level 20. HP: 195/195 MP: 6/9
 44354 | Swamp:5  | Got a dazzling battleaxe
 44360 | Swamp:5  | Identified the +5 battleaxe of Thopuow {venom, rF- Int+4} (You found it on level 5 of the Swamp)
 45193 | D:11     | Noticed Hanyuu's ghost (powerful OpTm)
 45218 | D:11     | Killed Hanyuu's ghost
 45218 | D:11     | Reached skill level 21 in Polearms
 45308 | D:11     | Received a gift from Trog
 46062 | D:12     | Found a flagged portal.
 46218 | Bailey   | Entered a bailey
 46523 | Bailey   | Received a gift from Trog
 46592 | Bailey   | Gained mutation: Your mind is acute. (Int +2) [potion of beneficial mutation]
 47395 | D:12     | Noticed Urug
 47403 | D:12     | Killed Urug
 47409 | D:12     | Got a slimy platinum amulet
 47411 | D:12     | Identified the amulet "Hor Lasu" {Gourm rElec rC+ Slay+3} (You acquired it on level 12 of the Dungeon)
 47634 | D:13     | Gained mutation: You can breathe flames. [potion of mutation]
 47820 | D:13     | Received a gift from Trog
 47853 | D:13     | Found a gate to the Vaults.
 48367 | Vaults:1 | Entered Level 1 of the Vaults
 48620 | Vaults:1 | Received a gift from Trog
 48799 | Vaults:1 | Gained mutation: You are robust (+10% HP). [mutagenic meat]
 48945 | Vaults:1 | Got a scorched ruby amulet
 48947 | Vaults:1 | Identified the amulet "Eguwil" {rCorr -Cast +Blink rC- Str+8 Int+5} (You found it on level 1 of the Vaults)
 50087 | Vaults:2 | Lost mutation: Your flesh is heat resistant. [mutagenic meat]
 50089 | Vaults:2 | Gained mutation: You have large cloven feet. [mutagenic meat]
 50091 | Vaults:2 | Gained mutation: Your body is slowly deteriorating. [mutagenic meat]
 50094 | Vaults:2 | Lost mutation: Your magical capacity is low (-10% MP). [mutagenic meat]
 50097 | Vaults:2 | Gained mutation: You have difficulty communicating with the divine. [mutagenic meat]
 50229 | Vaults:2 | Reached skill level 15 in Dodging
 50382 | Vaults:2 | Reached XP level 21. HP: 223/223 MP: 21/21
 50662 | Vaults:2 | Received a gift from Trog
 51057 | Vaults:2 | Reached skill level 5 in Evocations
 51110 | Vaults:2 | Reached skill level 22 in Polearms
 51559 | Vaults:2 | Received a gift from Trog
 51987 | Vaults:3 | Received a gift from Trog
 52326 | Vaults:3 | Gained mutation: You often lose your temper in combat. [mutagenic meat]
 52327 | Vaults:3 | Gained mutation: You have supernaturally acute eyesight. [mutagenic meat]
 52333 | Vaults:3 | Lost mutation: Your body is slowly deteriorating. [mutagenic meat]
 52335 | Vaults:3 | Lost mutation: You are partially covered in rough black scales (AC +4, Dex -1). [mutagenic meat]
 52488 | Vaults:3 | Found a staircase to the Crypt.
 52516 | Vaults:3 | Found Maurai's Gadget Shoppe.
 52674 | Vaults:3 | Received a gift from Trog
 52681 | Vaults:3 | Found Bofymeq's Food Boutique.
 52826 | Vaults:3 | Gained mutation: You are somewhat resistant to further mutation. [mutagenic meat]
 52832 | Vaults:3 | Lost mutation: You have supernaturally acute eyesight. [mutagenic meat]
 52929 | Vaults:3 | Found Jeganu's Magic Scroll Shop.
 52957 | Vaults:3 | Found Reujyes' Assorted Antiques.
 53354 | Vaults:4 | Got a scorched scale mail
 53365 | Vaults:4 | Identified the +1 scale mail of Indecent Exposure {+Blink rF- Int+4 Dex+4} (You found it on level 4 of the Vaults)
 53649 | Vaults:4 | Got a pair of faintly glowing boots
 53660 | Vaults:4 | Identified the +0 pair of boots "Ynuedyegg" {rElec Dex+4} (You found it on level 4 of the Vaults)
 53756 | Vaults:4 | Received a gift from Trog
 53830 | Vaults:4 | Reached XP level 22. HP: 169/236 MP: 19/25
 54693 | Vaults:4 | Gained mutation: You are partially covered in rugged brown scales (AC +1, +3% HP). [mutagenic meat]
 54895 | Crypt:1  | Entered Level 1 of the Crypt
 56419 | Crypt:1  | Reached skill level 23 in Polearms
 57519 | Crypt:2  | Lost mutation: You have difficulty communicating with the divine. [potion of cure mutation]
 57519 | Crypt:2  | Lost mutation: You often lose your temper in combat. [potion of cure mutation]
 57519 | Crypt:2  | Lost mutation: You are somewhat resistant to further mutation. [potion of cure mutation]
 58160 | Vaults:3 | Gained mutation: You occasionally shout uncontrollably at your foes. [mutagenic glow]
 58635 | Slime:1  | Entered Level 1 of the Pits of Slime
 58692 | Slime:1  | Received a gift from Trog
 59494 | Slime:1  | Received a gift from Trog
 60071 | Slime:2  | Gained mutation: You sometimes yell uncontrollably at your foes. [a shining eye]
 61639 | Slime:3  | Received a gift from Trog
 61639 | Slime:3  | Reached XP level 23. HP: 240/254 MP: 24/25
 61963 | Slime:4  | Received a gift from Trog
 62292 | Slime:4  | Found a viscous altar of Jiyva.
 64359 | Slime:6  | Entered Level 6 of the Pits of Slime
 64416 | Slime:6  | Received a gift from Trog
 64449 | Slime:6  | Noticed the royal jelly
 64697 | Slime:6  | Reached skill level 24 in Polearms
 65805 | Slime:6  | Found a viscous altar of Jiyva.
 66029 | Slime:6  | Killed the royal jelly
 66305 | Slime:6  | Got a brightly glowing chain mail
 66316 | Slime:6  | Identified the +0 chain mail of the Gravedigger {rPois} (You found it on level 6 of the Pits of Slime)
 66479 | Slime:6  | Got a slimy rune of Zot
 66481 | Slime:6  | Got a pitted scale mail
 66487 | Slime:6  | Identified the +8 scale mail of Paranoia {Str+4} (You found it on level 6 of the Pits of Slime)
 67062 | D:14     | Lost mutation: You can breathe flames. [mutagenic meat]
 67069 | D:14     | Gained mutation: You can spit moderately strong poison. [mutagenic meat]
 67070 | D:14     | Gained mutation: Your flesh is cold resistant. [mutagenic meat]
 67132 | D:14     | Found a basalt altar of Yredelemnul.
 67451 | D:14     | Noticed Sonja
 67457 | D:14     | Killed Sonja
 67529 | D:15     | Entered Level 15 of the Dungeon
 67549 | D:15     | Received a gift from Trog
 67799 | D:15     | Found a staircase to the Depths.
 67897 | D:15     | Found a portal to a secret trove of treasure.
 67926 | D:15     | Got a pair of translucent boots
 67937 | D:15     | Identified the -7 pair of boots of Weseivum {rElec rF- Int-5 Dex-3 Stlth+} (You found it on level 15 of the Dungeon)
 67947 | D:15     | Lost mutation: Your flesh is cold resistant. [potion of cure mutation]
 67947 | D:15     | Lost mutation: You are robust (+10% HP). [potion of cure mutation]
 67947 | D:15     | Lost mutation: You sometimes yell uncontrollably at your foes. [potion of cure mutation]
 67947 | D:15     | Lost mutation: You can spit moderately strong poison. [potion of cure mutation]
 67947 | D:15     | Lost mutation: You are partially covered in rugged brown scales (AC +1, +3% HP). [potion of cure mutation]
 67947 | D:15     | Lost mutation: You are mostly covered in large bone plates (AC +3, SH +3). [potion of cure mutation]
 68479 | Depths:1 | Entered Level 1 of the Depths
 68565 | Depths:1 | Gained mutation: You are partially covered in icy blue scales (AC +1). [mutagenic meat]
 68566 | Depths:1 | Gained mutation: Space occasionally distorts in your vicinity. [mutagenic meat]
 68567 | Depths:1 | Lost mutation: Potions and wands are less effective at restoring your health. [mutagenic meat]
 68568 | Depths:1 | Lost mutation: You can spit poison. [mutagenic meat]
 68569 | Depths:1 | Gained mutation: You have supernaturally acute eyesight. [mutagenic meat]
 68570 | Depths:1 | Gained mutation: You have a pair of large horns on your head. [mutagenic meat]
 69789 | D:2      | Noticed a giant frog
 69791 | D:2      | Killed a giant frog
 70068 | D:5      | Found a bloodstained altar of Trog.
 71814 | D:6      | Received a gift from Trog
 77524 | Slime:2  | Received a gift from Trog
 78274 | Slime:2  | Gained mutation: Your magical capacity is low (-10% MP). [a shining eye]
 88251 | Orc:4    | Bought a bread ration for 65 gold pieces
 88251 | Orc:4    | Bought 4 fruits for 78 gold pieces
 91438 | D:10     | Lost mutation: You have large cloven feet. [mutagenic meat]
 91439 | D:10     | Lost mutation: You are partially covered in large bone plates (AC +2, SH +2). [mutagenic meat]
 92548 | Vaults:3 | Reached XP level 24. HP: 239/239 MP: 23/23
 92618 | Vaults:3 | Bought a bread ration for 50 gold pieces
 92618 | Vaults:3 | Bought a meat ration for 50 gold pieces
 92618 | Vaults:3 | Bought 5 fruits for 75 gold pieces
 92618 | Vaults:3 | Bought a bread ration for 50 gold pieces
 92618 | Vaults:3 | Bought 4 fruits for 60 gold pieces
 92618 | Vaults:3 | Bought a meat ration for 50 gold pieces
 92618 | Vaults:3 | Bought a slice of pizza for 15 gold pieces
 92618 | Vaults:3 | Bought a bread ration for 50 gold pieces
 92618 | Vaults:3 | Bought a meat ration for 50 gold pieces
 92618 | Vaults:3 | Bought a meat ration for 50 gold pieces
 92668 | Vaults:3 | Got a bloodstained arbalest
 97059 | Elf:3    | Got a warped war axe
 97060 | Elf:3    | Identified the +4 war axe of Kismet {chop, rElec rPois rN+ MR+ Dex-3} (You found it on level 3 of the Elven Halls)
 97456 | Temple   | Identified the +11 arbalest "Sticve Wewent" {penet, +Blink rElec rN+ Str-2} (You found it on level 3 of the Vaults)
 98219 | Vaults:5 | Entered Level 5 of the Vaults
 98239 | Vaults:4 | Received a gift from Trog
 98463 | Vaults:4 | Gained mutation: You are weak. (Str -2) [mutagenic meat]
 98464 | Vaults:4 | Gained mutation: You have difficulty communicating with the divine. [mutagenic meat]
 98647 | Vaults:4 | Received a gift from Trog
 98665 | Vaults:4 | Gained mutation: You possess an exceptional clarity of mind. [mutagenic meat]
 98666 | Vaults:4 | Lost mutation: You have a pair of large horns on your head. [mutagenic meat]
 99616 | D:11     | Lost mutation: You occasionally shout uncontrollably at your foes. [mutagenic meat]
 99923 | Vaults:5 | Noticed an ancient lich
100949 | Vaults:4 | Reached skill level 25 in Polearms
101216 | Vaults:4 | Got a crude steel ring
101218 | Vaults:4 | Identified the ring "Kluif" {rPois rN+ AC+3 Str-4 Int+4 Slay+3} (You took it off a fire giant on level 4 of the Vaults)
101293 | Vaults:5 | Killed an ancient lich
101495 | Vaults:5 | Received a gift from Trog
101531 | Vaults:5 | Got a jewelled shield
101542 | Vaults:5 | Identified the +3 shield "Prah" {Int+3 Dex+4 Slay+3} (You found it on level 5 of the Vaults)
101563 | Vaults:5 | Got a spiked scale mail
101574 | Vaults:5 | Identified the +2 scale mail of the Kettle-Drum {rPois rN+ Int+3} (You found it on level 5 of the Vaults)
101674 | Vaults:5 | Gained mutation: You have a somewhat thin skeletal structure (Dex +2, Stealth). [mutagenic meat]
102096 | Vaults:5 | Got a silver rune of Zot
102500 | Vaults:5 | Got a bloodstained quarterstaff
102514 | Vaults:5 | Identified the +6 quarterstaff "Shuriz" {crush, Int+3} (You found it on level 5 of the Vaults)
102555 | Vaults:5 | Got a clouded golden ring
102557 | Vaults:5 | Identified the ring "Gonn" {Dex+4 Stlth+} (You found it on level 5 of the Vaults)
103127 | Vaults:5 | Reached XP level 25. HP: 250/250 MP: 24/24
103784 | Depths:1 | Received a gift from Trog
104039 | Depths:1 | Gained mutation: Your spells are a little harder to cast, but a little more powerful. [mutagenic meat]
104040 | Depths:1 | Lost mutation: You possess an exceptional clarity of mind. [mutagenic meat]
104041 | Depths:1 | Gained mutation: You often lose your temper in combat. [mutagenic meat]
104042 | Depths:1 | Gained mutation: You are partially covered in molten scales (AC +1). [mutagenic meat]
104167 | Depths:1 | Found a one-way gate to the infinite horrors of the Abyss.
104295 | Depths:1 | Found a gateway to Hell.
104730 | Depths:1 | Got a wavering tin amulet
104732 | Depths:1 | Identified the amulet "Fipp" {Faith +Fly rC+ Str+4 Int-2} (You found it on level 1 of the Depths)
104734 | Depths:1 | Got a crude dagger
104735 | Depths:1 | Identified the +5 dagger of Zin's Regard {flame, rC- Int+3 SInv} (You found it on level 1 of the Depths)
104781 | Depths:1 | Reached skill level 26 in Polearms
104832 | Depths:1 | Lost mutation: Your spells are a little harder to cast, but a little more powerful. [mutagenic meat]
104922 | Depths:1 | Got a flickering jade ring
104924 | Depths:1 | Identified the cursed ring "Skett" {MR+ AC-3 Dex+9} (You found it on level 1 of the Depths)
104934 | Depths:1 | Got a dull robe
104947 | Depths:1 | Identified the +0 robe of Unambiguity {rC+ rN+ Int-2 Dex+4 Stlth+} (You found it on level 1 of the Depths)
105657 | Crypt:3  | Entered Level 3 of the Crypt
106597 | Crypt:3  | Found an ancient bone altar of Kikubaaqudgha.
106658 | Crypt:3  | Got a smoking iron ring
106658 | Crypt:3  | Got a smoking tin ring
106661 | Crypt:3  | Identified the ring of Soink {rPois rF+ rN+ Str-5 SInv} (You found it on level 3 of the Crypt)
106663 | Crypt:3  | Identified the ring of Ghoyty {+Fly rN+ Int+2} (You found it on level 3 of the Crypt)
106703 | Crypt:3  | Noticed an ancient lich
106704 | Crypt:3  | Received a gift from Trog
106736 | Crypt:3  | Killed an ancient lich
107258 | Crypt:3  | Found a staircase to the Tomb.
107258 | Crypt:3  | Noticed an ancient lich
107275 | Crypt:3  | Killed an ancient lich
107383 | Crypt:3  | Received a gift from Trog
107630 | Crypt:3  | Drowned

Action                   |  1- 3 |  4- 6 |  7- 9 | 10-12 | 13-15 | 16-18 | 19-21 | 22-24 | 25-27 || total
-------------------------+-------+-------+-------+-------+-------+-------+-------+-------+-------++-------
Melee: Spear             |    82 |   135 |   420 |  1133 |  1552 |  1700 |  1915 |  2401 |   237 ||  9575
       Unarmed           |       |       |       |       |     8 |     3 |       |       |       ||    11
       Trident           |       |       |       |       |   214 |       |    80 |     5 |       ||   299
       Demon trident     |       |       |       |       |   480 |   320 |       |       |       ||   800
       Battleaxe         |       |       |       |       |       |       |       |   200 |   236 ||   436
 Fire: Hunting sling     |       |       |     5 |    23 |       |       |       |       |       ||    28
Throw: Javelin           |       |       |       |    33 |       |       |       |       |       ||    33
       Tomahawk          |       |       |       |       |    37 |     7 |     2 |       |       ||    46
Invok: Berserk           |     2 |     1 |       |     1 |     4 |       |     1 |       |       ||     9
       Brothers in Arms  |       |       |       |     3 |    11 |    15 |     6 |    10 |       ||    45
       Burn Spellbooks   |       |       |       |     1 |     6 |     7 |     1 |     5 |     4 ||    24
       Trog's Hand       |       |       |       |       |     1 |       |       |       |       ||     1
 Abil: Spit Poison       |       |       |       |       |       |     1 |       |       |       ||     1
       Breathe Fire      |       |       |       |       |       |       |     5 |     1 |       ||     6
       Evoke Flight      |       |       |       |       |       |       |       |     1 |     1 ||     2
Evoke: Wand              |       |       |       |       |    24 |    38 |       |     4 |       ||    66
       Deck              |       |       |       |       |     1 |       |       |       |       ||     1
  Use: Potion            |     1 |       |       |    11 |    12 |     4 |     5 |     9 |       ||    42
       Scroll            |       |     2 |       |    18 |    27 |    16 |     7 |    10 |     1 ||    81
 Stab: Distracted        |       |       |       |     1 |     1 |     2 |     3 |     1 |       ||     8
       Fleeing           |       |       |       |     1 |     3 |       |       |       |       ||     4
       Held in net/web   |       |       |       |       |       |     1 |       |     1 |       ||     2
  Eat: Chunk             |     1 |     2 |     7 |    24 |    46 |    12 |    50 |    39 |    17 ||   198
       Fruit             |       |     2 |       |       |       |     9 |     3 |     7 |     6 ||    27
       Meat ration       |       |     1 |     1 |       |       |     7 |     7 |     5 |     2 ||    23
       Beef jerky        |       |       |     2 |       |     3 |     3 |     2 |     2 |     2 ||    14
       Pizza             |       |       |       |       |     4 |     1 |     1 |     3 |     1 ||    10
       Bread ration      |       |       |       |       |       |       |       |    27 |       ||    27
       Royal jelly       |       |       |       |       |       |       |       |     2 |       ||     2
